 Dungeon Crawl Stone Soup version 0.30.1-11-g7821555f0a (webtiles) character file.

Game seed: 4023784622642975489

21017 o55k the Blocker (level 12, -6/115 HPs)
             Began as a Minotaur Fighter on Oct 29, 2023.
             Was a Priest of Cheibriados.
             Succumbed to a cane toad's poison
             ... on level 4 of the Lair of Beasts.
             The game lasted 01:09:16 (11755 turns).

o55k the Blocker (Minotaur Fighter)                Turns: 11755, Time: 01:09:16

Health: -6/115     AC: 22    Str: 37    XL:     12   Next: 50%
Magic:  11/11      EV: 13    Int: 12    God:    Cheibriados [***...]
Gold:   527        SH: 13    Dex: 19    Spells: 11/11 levels left

rFire   . . .        n - +0 spear (venom)
rCold   . . .        A - +0 kite shield
rNeg    . . .        g - +0 plate armour
rPois   .            (helmet restricted)
rElec   .            (no cloak)
rCorr   .            P - +1 pair of gloves {infuse}
SInv    .            y - +2 pair of boots
Will    .....        D - amulet of regeneration Stlth
                     E - +5 ring of evasion
HPRegen 1.19/turn    a - +6 ring of strength
MPRegen 0.12/turn

%: infuse magic (1 MP)
@: lethally poisoned (-6 -> -63), about to teleport, very slow
A: horns 2, retaliatory headbutt
a: Renounce Religion, Bend Time, Temporal Distortion


You were on level 4 of the Lair of Beasts.
You worshipped Cheibriados.
Cheibriados was most pleased with you.
You visited 3 branches of the dungeon, and saw 16 of its levels.
You also visited: Ossuary.

You collected 807 gold pieces.
You spent 280 gold pieces at shops.

Inventory:

Hand Weapons
 n - a +0 spear of venom (weapon)
Armour
 g - a +0 plate armour (worn)
 y - a +2 pair of boots (worn)
 A - a +0 kite shield (worn)
 P - a +1 pair of gloves of infusion (worn)
 Q - a +0 pair of boots of flying
Jewellery
 a - a +6 ring of strength (right hand)
 d - a ring of protection from cold
 m - a ring of resist corrosion
 D - an amulet of regeneration (around neck)
 E - a +5 ring of evasion (left hand)
 F - a +6 ring of strength
Wands
 v - a wand of paralysis (11)
 H - a wand of flame (20)
 N - a wand of polymorph (9)
Scrolls
 b - 2 scrolls of vulnerability
 c - 4 scrolls of noise {unknown}
 e - 4 scrolls of immolation {unknown}
 h - 2 scrolls of torment {unknown}
 i - 4 scrolls of enchant weapon {unknown}
 j - 3 scrolls of poison {unknown}
 k - 4 scrolls of magic mapping {unknown}
 p - a scroll of amnesia {unknown}
 s - 3 scrolls of identify
 t - a scroll of blinking {unknown}
 x - 7 scrolls of teleportation
 z - 4 scrolls of enchant armour {unknown}
 C - 3 scrolls of fog {unknown}
 G - 2 scrolls of fear {unknown}
 O - a scroll of summoning {unknown}
Potions
 f - 2 potions of heal wounds
 l - 3 potions of might
 o - 3 potions of lignification
 q - 3 potions of mutation
 r - 2 potions of resistance
 u - 4 potions of brilliance
 w - a potion of flight {unknown}
 B - 2 potions of magic {unknown}
 I - a potion of curing
 J - a potion of haste {unknown}
 K - 2 potions of degeneration {unknown}
 L - 3 potions of attraction
 M - 2 potions of ambrosia


   Skills:
 + Level 13.1 Fighting
 + Level 12.8 Polearms
 + Level 13.1 Armour
 + Level 13.1 Shields


You had 11 spell levels left.
You didn't know any spells.
Your spell library contained the following spells:

 Spells                   Type           Power      Damage    Failure   Level
 Apportation              Tloc           0%         N/A       89%         1
 Blink                    Tloc           0%         N/A       96%         2
 Lesser Beckoning         Tloc           0%         N/A       96%         2
 Momentum Strike          Conj/Tloc      0%         3d8       96%         2
 Inner Flame              Hex/Fire       0%         N/A       99%         3
 Portal Projectile        Hex/Tloc       0%         N/A       99%         3
 Tukima's Dance           Hex            0%         N/A       99%         3
 Animate Dead             Necr           0%         N/A       100%        4
 Alistair's Intoxication  Tmut/Pois      0%         N/A       100%        5
 Blade Hands              Tmut           0%         N/A       100%        5
 Borgnjor's Vile Clutch   Necr/Erth      0%         N/A       100%        5
 Summon Forest            Summ/Tloc      0%         N/A       100%        5
 Summon Mana Viper        Hex/Summ       0%         N/A       100%        5
 Yara's Violent Unravell  Hex/Tmut       0%         3d3       100%        5
 Death Channel            Necr           0%         N/A       100%        6
 Simulacrum               Ice/Necr       0%         N/A       100%        6
 Summon Cactus Giant      Summ           0%         N/A       100%        6
 Enfeeble                 Hex            0%         N/A       100%        7
 Ozocubu's Refrigeration  Ice            0%         4d7       100%        7
 Polar Vortex             Ice            0%         N/A       100%        9


Dungeon Overview and Level Annotations

Branches:
Dungeon (12/15)            Temple (1/1) D:6            Lair (1/5) D:11
    Orc (0/2) D:12        Ossuary (visited)

Altars:
Ashenzari
Cheibriados
Dithmenos
Elyvilon
Fedhas
Gozag
Hepliaklqana
Makhleb
Nemelex Xobeh
Okawaru
Qazlal
Ru
Sif Muna
Trog
Uskayaw
Vehumet
Wu Jian
Yredelemnul
Zin
The Shining One
Ignis

Shops:
D:2 *(*=   D:12 [

Annotations:
D:9 3 runed translucent doors, exclusion: orange crystal statue
Lair:4 1 transporter, Jazuoj's ghost, journeyman DgCj


Innate Abilities, Weirdness & Mutations

You have a pair of horns on your head.
You reflexively headbutt those who attack you in melee.


Message History

The cane toad misses you. You furiously retaliate!
You headbutt the cane toad! You block the bullfrog's attack.
The black mamba bites you!
You are more poisoned.
The black mamba poisons you! The cane toad misses you.
The black mamba barely misses you. The bullfrog hits you!
The cane toad attacks as you move away! You block the cane toad's attack.
The black mamba attacks as you move away!
The black mamba closely misses you. You furiously retaliate!
You headbutt the black mamba!
You feel extremely sick. The bullfrog closely misses you.
You block the black mamba's attack.
The bullfrog hits you but does no damage.
The black mamba barely misses you. You furiously retaliate!
You headbutt the black mamba.
The cane toad stings you but does no damage.
The bullfrog barely misses you. You furiously retaliate!
You headbutt the bullfrog! You block the black mamba's attack.
The cane toad stings you!
The moth of wrath goads the water moccasin on!
The water moccasin goes berserk!
The bullfrog misses you. The bullfrog attacks as you move away!
The bullfrog hits you but does no damage.
You feel extremely sick. You block the black mamba's attack.
You hear a croak.
You block the black mamba's attack. The black mamba bites you.
* * * LOW HITPOINT WARNING * * *
You are lethally poisoned!
The black mamba poisons you!
You hear a loud, deep croak!
The cane toad stings you!!
* * * LOW HITPOINT WARNING * * *
You are more poisoned.
The cane toad poisons you!
The moth of wrath goads the water moccasin on!
The water moccasin goes berserk!
The black mamba barely misses you.
Okay, then.
As you read the scroll of teleportation, it crumbles to dust.
You feel strangely unstable.
You die...

.###P...##.#####)............###
........#?.....##..............##
.......##..#....##...............
.......#.#...#..©#...............
.......# .#.##..##.............P#
.......##!#...#.#©.............##
........#:#..yyS##............###
.......§#[W.©#SSF#.....P.#......#
........#$.#..F#@#.....###......#
.......##...WS#.##....## #.......
..###..#..#.#...#....## #.......
<..###.#..#.#...#....## ##.......
.####..##.......#.....###...###..
.# #...###...###.#.........# ##P
.####.....#####.....P.....^## #.
.#.##.##........#P##......#.# ##
..###.###.#..#.####P.......## #


You could see 2 moths of wrath, a black mamba (berserk), a cane toad (berserk)
and 2 water moccasins.

Vanquished Creatures
  A hydra (Lair:4)
  A two-headed ogre (D:9)
  A skeletal warrior (D:11)
  An ugly thing (D:11)
  A manticore (D:11)
  4 elephants (Lair:4)
  3 cyclopes
  2 cane toads (Lair:4)
  3 komodo dragons (Lair:4)
  A troll (D:10)
  Prince Ribbit (D:5)
  Grinder (D:5)
  8 blink frogs (Lair:4)
  7 dream sheep (Lair:4)
  Sigmund (D:2)
  29 yaks
  A wraith (D:11)
  A steam dragon (D:10)
  12 fire elementals
  Eustachio (D:4)
  6 vampire mosquitoes
  3 wargs (D:11)
  3 water moccasins
  Edmund (D:4)
  5 orc warriors
  A black bear (D:7)
  A sky beast (D:7)
  An ogre (D:5)
  7 phantoms
  2 kobold brigands
  Blork the orc (D:5)
  A gnoll sergeant (D:10)
  4 bullfrogs
  4 scorpions
  4 water moccasin zombies
  4 wights (D:6)
  26 killer bees
  A howler monkey (D:6)
  4 bullfrog zombies (D:5)
  A hound (D:7)
  3 jellies
  8 orc priests
  2 bullfrog skeletons (D:5)
  Jessica (D:2)
  8 orc wizards
  Ijyb (D:4)
  Terence (D:2)
  6 iguanas
  3 scorpion zombies (D:5)
  4 sleepcaps
  3 hound zombies (D:5)
  2 mummies (Ossuary)
  2 howler monkey zombies (D:5)
  A howler monkey skeleton (D:5)
  5 gnolls (D:10)
  13 adders
  2 white imps (D:6)
  7 adder zombies (Ossuary)
  2 adder skeletons (D:5)
  A worm (D:10)
  2 dart slugs
  42 orcs
  6 ball pythons (D:4)
  4 endoplasms
  4 giant cockroaches (D:2)
  3 gnoll zombies (Ossuary)
  7 goblins
  5 hobgoblins
  2 jackals (D:4)
  2 quokkas
  6 bats
  3 frilled lizards
  4 hobgoblin zombies (Ossuary)
  19 kobolds
  7 kobold zombies (Ossuary)
  An orc zombie (Ossuary)
  2 rats (D:2)
354 creatures vanquished.

Vanquished Creatures (others)
  8 foxfires (D:9)
8 creatures vanquished.

Grand Total: 362 creatures vanquished

Notes
Turn   | Place    | Note
-------+----------+-------------------------------------------
     0 | D:1      | o55k the Minotaur Fighter began the quest for the Orb.
     0 | D:1      | Reached XP level 1. HP: 19/19 MP: 0/0
   289 | D:1      | Reached XP level 2. HP: 24/27 MP: 1/1
   680 | D:2      | Found a faded altar of an unknown god.
   712 | D:2      | Prayed at the altar of an unknown god.
   712 | D:2      | Became a worshipper of Ignis, the Dying Flame
   721 | D:2      | Noticed Sigmund
   733 | D:2      | Killed Sigmund
   734 | D:2      | Reached XP level 3. HP: 16/35 MP: 2/2
   734 | D:2      | Reached XP level 4. HP: 19/41 MP: 3/3
   734 | D:2      | Reached XP level 5. HP: 22/47 MP: 4/4
   835 | D:2      | Found Waer's Assorted Antiques.
   841 | D:2      | Bought a twisted iron ring for 85 gold pieces
   950 | D:2      | Noticed Terence
   961 | D:2      | Killed Terence
   962 | D:2      | Reached skill level 5 in Fighting
   962 | D:2      | Reached skill level 5 in Armour
   962 | D:2      | Reached skill level 5 in Shields
   962 | D:2      | Found Yguz's Antique Weapon Shop.
  1009 | D:2      | Found Tauhio Joiqu's General Store.
  1045 | D:2      | Found Huiry's Jewellery Shoppe.
  1064 | D:2      | Noticed Jessica
  1071 | D:2      | Killed Jessica
  1769 | D:3      | Reached XP level 6. HP: 56/56 MP: 5/5
  1990 | D:4      | Noticed Edmund
  2002 | D:4      | Killed Edmund
  2151 | D:4      | Noticed Eustachio
  2172 | D:4      | Killed Eustachio
  2173 | D:4      | Reached skill level 5 in Polearms
  2173 | D:4      | Reached XP level 7. HP: 61/62 MP: 6/6
  2297 | D:4      | Noticed Ijyb
  2301 | D:4      | Paralysed by Ijyb for 2 turns
  2305 | D:4      | Killed Ijyb
  2418 | D:4      | Found a white marble altar of Elyvilon.
  2997 | D:5      | Entered Level 5 of the Dungeon
  2997 | D:5      | Noticed Prince Ribbit
  3004 | D:5      | Killed Prince Ribbit
  3005 | D:5      | Reached XP level 8. HP: 65/71 MP: 7/7
  3023 | D:5      | Noticed Grinder
  3062 | D:5      | Killed Grinder
  3766 | D:5      | Noticed Blork the orc
  3772 | D:5      | Killed Blork the orc
  3773 | D:5      | Reached XP level 9. HP: 76/81 MP: 8/8
  4664 | D:6      | Found a staircase to the Ecumenical Temple.
  4670 | Temple   | Entered the Ecumenical Temple
  5177 | D:6      | Found an ornate altar of the Wu Jian Council.
  5311 | D:7      | Found a sand-covered staircase.
  5315 | Ossuary  | Entered an ossuary
  5591 | D:7      | Reached XP level 10. HP: 85/91 MP: 9/9
  5774 | D:7      | Found a broken altar of Ashenzari.
  5997 | D:9      | Found a hide-covered altar of Uskayaw.
  6032 | D:9      | Reached skill level 10 in Shields
  6041 | D:9      | Reached skill level 10 in Fighting
  6041 | D:9      | Reached skill level 10 in Armour
  6233 | D:9      | Noticed a two-headed ogre
  6245 | D:9      | Killed a two-headed ogre
  6246 | D:9      | Reached skill level 10 in Polearms
  6344 | D:9      | Found a runed translucent door.
  6352 | D:9      | Found a runed translucent door.
  6365 | D:9      | Found a runed translucent door.
  6388 | D:9      | Found a runed translucent door.
  6450 | D:9      | Noticed an orange crystal statue
  6846 | D:10     | Entered Level 10 of the Dungeon
  7116 | D:10     | Found a stormy altar of Qazlal.
  7192 | D:10     | Found a snail-covered altar of Cheibriados.
  7280 | D:10     | Reached XP level 11. HP: 76/101 MP: 0/10
  7522 | D:10     | Fell from the grace of Ignis
  7522 | D:10     | Became a worshipper of Cheibriados the Contemplative
  8257 | D:11     | Found a staircase to the Lair.
  8500 | D:11     | You fall into a shaft and drop 1 floor!
  8508 | D:12     | Identified the +2 robe of Cixeadghe {Dex+4}
  8761 | D:11     | Reached * piety under Cheibriados
  9084 | D:11     | Found a bloodstained altar of Trog.
  9452 | D:11     | You fall into a shaft and drop 1 floor!
  9455 | D:12     | Found Hemar's Antique Armour Emporium.
  9471 | D:12     | Bought a pair of runed boots for 195 gold pieces
  9539 | D:12     | Noticed a brown ugly thing
  9650 | D:12     | Found a staircase to the Orcish Mines.
  9650 | D:12     | Noticed a skeletal warrior
  9671 | D:11     | Killed a brown ugly thing
  9702 | D:11     | Killed a skeletal warrior
  9791 | Lair:1   | Entered Level 1 of the Lair of Beasts
  9832 | Lair:1   | Reached ** piety under Cheibriados
  9833 | Lair:1   | You fall into a shaft and drop 1 floor!
  9904 | Lair:2   | You fall into a shaft and drop 2 floors!
  9950 | Lair:4   | Found a transporter.
  9957 | Lair:4   | Noticed Jazuoj's ghost (journeyman DgCj)
 10140 | Lair:4   | Found a transporter.
 10580 | Lair:4   | Noticed a five-headed hydra
 10583 | Lair:4   | Reached XP level 12. HP: 112/112 MP: 9/11
 10600 | Lair:4   | Killed a five-headed hydra
 10797 | Lair:4   | Reached *** piety under Cheibriados
 10815 | Lair:4   | Was forgiven by Ignis
 11754 | Lair:4   | HP: 4/115 [cane toad (25)]
 11755 | Lair:4   | Succumbed to a cane toad's poison

Illustrated notes

Levels and vault maps discovered:
D:1:      roderic_crop_circles_arrival_small, layout_basic
D:2:      layout_rooms, serial_shops, shop, shop_statue,
          nicolae_shop_behind_doors, nicolae_shop_dealshenge,
          hellmonk_ecumenical_altar_crossroads, uniq_terence, uniq_sigmund,
          uniq_jessica
D:3:      layout_loops_ring
D:4:      layout_gridville, mainiacjoe_overflow_24_doors, minmay_misc_feat_room,
          minmay_snake_closets, uniq_edmund, uniq_eustachio, uniq_ijyb
D:5:      layout_basic, serial_undead, serial_undead_a, serial_undead_c,
          serial_undead_d, serial_undead_b, serial_undead_c, serial_undead_b,
          serial_undead_e, serial_undead_f, uniq_grinder, uniq_prince_ribbit1,
          uniq_blork_the_orc
D:6:      layout_loops_cross, nzn_wu_jian_contemplation,
          minmay_temple_entry_fiery, hangedman_decor_peaks_small,
          minmay_crystal_room
D:7:      layout_rooms, cheibrodos_ashenzari_chains, enter_ossuary_5,
          hangedman_decor_lopped, st_stairs_13, eino_jars
D:8:      layout_rooms, trog_book, gammafunk_temple_overflow_statue, uniq_maggie
D:9:      layout_irregular_city, mainiacjoe_overflow_cross_hatched,
          minmay_statue_crystal_thing
D:10:     layout_stronghold, nicolae_overflow_hidden_temple, slow_altar_2
D:11:     layout_roguey, erik_lair_orcish_takeover, minivault_16,
          trog_butcher_becter
D:12:     layout_irregular_city, david_orc_3, serial_shops, shop, uniq_kirke
Temple:   oiseaux_autumnal_temple
Lair:1:   layout_small_grid, grunt_forest_stairs_basic, serial_bayou_shore_b
Lair:2:   beast_lair_carwin_large_3, layout_concentric_octagons,
          minmay_shoals_entry_lonely_mermaid, basic_altar
Lair:4:   beargit_carnivore_pack, layout_layer_cave,
          gammafunk_ghost_berserking_beasts, grunt_megastairs_4

Skill      XL: |  1  2  3  4  5  6  7  8  9 10 11 12 |
---------------+-------------------------------------+-----
Shields        | 4 5 6 7 9 10 12 13 | 13.1
Fighting       | 4 5 6 7 9 10 12 13 | 13.1
Armour         | 4 5 6 7 9 10 12 13 | 13.1
Polearms       | 3 4 5 6 7 9 10 12 | 12.8

Action                     |  1- 3 |  4- 6 |  7- 9 | 10-12 || total
---------------------------+-------+-------+-------+-------++-------
  Melee: Trident           |    52 |    44 |       |       ||    96
         Headbutt          |     7 |    11 |   115 |   165 ||   298
         Spear             |       |    68 |   494 |   729 ||  1291
 Invoke: Fiery Armour      |       |       |     4 |     5 ||     9
         Foxfire Swarm     |       |       |       |     2 ||     2
    Use: Potion            |     1 |       |       |     8 ||     9
         Scroll            |       |     3 |     1 |     6 ||    10
 Armour: Plate armour      |    39 |    42 |   188 |   237 ||   506
         Scale mail        |     1 |       |       |       ||     1
  Dodge: Dodged            |     7 |    22 |   119 |   278 ||   426
  Block: Buckler           |     9 |    18 |    80 |    64 ||   171
         Kite shield       |       |       |       |   194 ||   194
